Unix NetHack Version 5.0.0-0 post-release - last build May  4 2026 22:22:43 (774f63e81ad911689b3a0859ea89b322d5daca8d,branch:main).

Game began 2026-05-06 11:08:34, ended 2026-05-06 12:00:03.

31245981910, lawful male human Caveman

                                                 ---                 ---
                                                --.----         --- --.----
                                      ----     --.....|     -----.--|.....--
                                    ---..|     |......--    |......--......---
                                    |....|     |.......--  --(...............|
                                    |.<..--    |......*.-- |.......----......|
                                  ---.|...--------.......----.....)...---....|
                                  |.%.|-).................>--.....?....-------
                                  -.----------------...---............^.|
                                  ..----           ---.| --....?........--
                                  -..G@|             |.---|-?............|
                                  --.h.-             |...--.(............|
                                                     --.....)......|.....|
                                                      --.........^.|.....|
                                                       --...|.---.......--
                                                        ------- --..|...|
                                                                 --------

31245981910 the Wanderer  St:13 Dx:13 Co:18 In:10 Wi:9 Ch:8  Lawful
Dlvl:6  $:0  HP:0(61) Pw:29(29) AC:6  Xp:6 T:4601 

Latest messages:
 Slasher picks up a bag.
 Slasher drops a bag.
 You swap places with Slasher.
 You swap places with Slasher.
 You swap places with Slasher.
 An arrow shoots out at you!
 An arrow misses you.
 You hear a nearby zap.
 The magic missile whizzes by you!
 You hit the gnome lord.
 The gnome lord hurls a potion of sleeping!
 The flagon crashes on your head and breaks into shards.
 The potion of sleeping evaporates.
 You feel rather tired.
 You can move again.
 You hit the gnome lord!
 The gnome lord hits!
 You hit the gnome lord.
 The gnome lord hits!
 You kill the gnome lord!
 It is missed.
 The ghoul hits!
 The ghoul hits again!
 You see here a dagger.
 You hit the ghoul!
 The ghoul hits!
 The ghoul hits again!
 You hit the ghoul!
 The dwarf hits!
 You miss the ghoul.
 The dwarf hits!
 You destroy the ghoul!
 The gnomish wizard points at you, then curses.
 You miss the gnomish wizard.
 The air crackles around the gnomish wizard.
 The dwarf hits!
 You hit the gnomish wizard!
 The gnomish wizard points all around, then curses.
 The dwarf hits!
 You miss the gnomish wizard.
 The gnomish wizard points at you, then curses.
 The dwarf hits!
 You miss the gnomish wizard.
 The dwarf hits!
 You die...
 Do you want your possessions identified? [ynq] (y) y
 Do you want to see your attributes? [ynq] (y) y
 Do you want an account of creatures vanquished? [ynaq] (y) y
 Do you want to see your conduct and achievements? [ynq] (y) y
 Do you want to see the dungeon overview? [ynq] (y) y

Inventory:
 Weapons  (')')
  b - a +2 sling (alternate weapon; not wielded)
  l - 2 +0 daggers
  a - a +1 club (weapon in right hand)
 Armor    ('[')
  s - an uncursed rustproof +0 pair of iron shoes (being worn)
  e - an uncursed +0 leather armor (being worn)
 Comestibles  ('%')
  r - an uncursed candy bar labeled "Choco Nummer"
  h - 2 uncursed cram rations
  g - an uncursed food ration
  C - an uncursed partly eaten food ration
  D - an uncursed partly eaten food ration
 Potions  ('!')
  t - a cursed potion of booze
  B - a cursed potion of enlightenment
  v - a cursed potion of gain level
  w - a cursed potion of levitation
  q - a cursed potion of monster detection
 Gems/Stones  ('*')
  E - an uncursed worthless piece of orange glass

31245981910 the Caveman's attributes:

Background:
 You were a Wanderer, a level 6 human Caveman.
 You were lawful, nominally on a mission for Anu
 who was opposed by Ishtar (neutral) and Anshar (chaotic).
 You were right-handed.
 You were in the Gnomish Mines, on level 6.
 You entered the dungeon 4601 turns ago.
 You had 443 experience points, 197 more were needed to attain level 7.

Basics:
 You had 0 out of 61 hit points.
 You had all 29 energy points (spell power).
 Your armor class was 6.
 Your wallet was empty.
 Autopickup was off.

Final Characteristics:
 Your strength was 13 (peak:17, limit:18/100).
 Your dexterity was 13 (limit:18).
 Your constitution was 18 (limit:18).
 Your intelligence was 10 (limit:18).
 Your wisdom was 9 (limit:18).
 Your charisma was 8 (limit:18).

Final Status:
 You weren't hungry.
 You were unencumbered.
 You were wielding a club.
 You had basic skill with club and could have enhanced that.

Final Attributes:
 You were piously aligned.
 You were warded.
 You are dead.

Miscellaneous:
 You encountered 1 bones level.
 Total elapsed playing time was 51 minutes and 28 seconds.

Major events:
 Turn
    1: 31245981910 the lawful human Caveman entered the dungeon
  752: entered the Gnomish Mines
 1110: attained the rank of Aborigine (level 3)
 3402: reached Mine Town
 3896: attained the rank of Wanderer (level 6)
 4601: killed by a dwarf

You didn't know any spells.

Skills:
 Fighting Skills
   bare handed combat [Basic]
 Weapon Skills
   dagger             [Unskilled]
   knife              [Unskilled]
   axe                [Unskilled]
   pick-axe           [Unskilled]
   club               [Basic]
   mace               [Unskilled]
   morning star       [Unskilled]
   flail              [Unskilled]
   hammer             [Unskilled]
   quarterstaff       [Unskilled]
   polearms           [Unskilled]
   spear              [Unskilled]
   trident            [Unskilled]
   bow                [Unskilled]
   sling              [Basic]
   boomerang          [Unskilled]
   unicorn horn       [Unskilled]
 Spellcasting Skills
   attack spells      [Unskilled]
   matter spells      [Unskilled]

Voluntary challenges:
 Character rerolling was not enabled.
 You were an atheist.
 You were illiterate.
 You never genocided any monsters.
 You never polymorphed an object.
 You never changed form.
 You used no wishes.
Achievements:
 You entered a shop.
 You entered the Gnomish Mines.
 You attained the rank of Aborigine.
 You entered Minetown.
 You entered a temple.
 You attained the rank of Wanderer.

 The Dungeons of Doom: levels 1 to 4
    Level 1:
       A fountain.
    Level 2:
       A scroll shop, a fountain.
       Stairs down to The Gnomish Mines.
    Level 3:
       Some fountains.
    Level 4:
 The Gnomish Mines: levels 3 to 6
    Level 3:
    Level 4:
       A grave.
       Final resting place for
          Tuxie-Wiz-Elf-Fem-Cha, killed by a dwarf.
    Level 5:
       Some shops, a temple and an altar, many fountains.
    Level 6: <- You were here.
       Final resting place for
          you, killed by a dwarf.


Vanquished creatures:
  a small mimic
  3 watchmen
  a leprechaun
 an imp
  7 gnome leaders
  2 gnomish wizards
  a ghoul
  a straw golem
  a little dog
  a floating eye
  6 dwarves
  2 homunculi
  a kobold leader
  a rabid rat
  a monkey
  a wererat
  3 iguanas
 an acid blob
  2 coyotes
  3 hobbits
  a hobgoblin
  2 giant rats
  2 brown molds
  2 yellow molds
  2 green molds
  2 red molds
 23 gnomes
  5 geckos
  4 jackals
  a kobold
  3 goblins
  2 sewer rats
  9 grid bugs
  2 bats
  4 lichens
  6 newts
110 creatures vanquished.

No species were genocided or became extinct.

Game over:
                       ----------
                      /          \
                     /    REST    \
                    /      IN      \
                   /     PEACE      \
                  /                  \
                  |   31245981910    |
                  |       0 Au       |
                  |   killed by a    |
                  |      dwarf       |
                  |                  |
                  |                  |
                  |       2026       |
                 *|     *  *  *      | *
        _________)/\\_//(\/(/\)/\//\/|_)_______

Goodbye 31245981910 the Caveman...

You died in The Gnomish Mines on dungeon level 6 with 2072 points,
and 0 pieces of gold, after 4601 moves.
You were level 6 with a maximum of 61 hit points when you died.

